 Dungeon Crawl Stone Soup version 0.29-a0-330-g52719c12eb (webtiles) character file.

Game seed: 10101756441114489462

254 Jeffvaz the Chiller (level 5, 0/35 HPs)
             Began as a Vampire Ice Elementalist on May 24, 2022.
             Slain by a phantom (4 damage)
             ... on level 6 of the Dungeon.
             The game lasted 00:59:46 (3451 turns).

Jeffvaz the Chiller (Vampire Ice Elementalist)      Turns: 3451, Time: 00:59:47

Health: 0/35       AC:  7    Str:  7    XL:     5   Next: 90%
Magic:  10/10      EV:  7    Int: 26    God:
Gold:   206        SH:  0    Dex: 14    Spells: 10/11 levels left

rFire   . . .      SeeInvis +   o - staff of air
rCold   . . .      Faith    +   (no shield)
rNeg    . . .      Spirit   .   h - +1 scale mail
rPois   .          Reflect  .   (no helmet)
rElec   +          Harm     .   (no cloak)
rCorr   .          Rampage  .   (no gloves)
Will    +....                   (no boots)
Stlth   +.........              x - amulet of faith
HPRegen 0.31/turn               j - ring of willpower
MPRegen 0.12/turn               e - +6 ring of intelligence

@: healing quickly
A: alive, fangs 3, see invisible, vampiric 2
a: Exsanguinate


You were on level 6 of the Dungeon.
You visited 1 branch of the dungeon, and saw 6 of its levels.

You collected 206 gold pieces.

Inventory:

Hand Weapons
 i - a +0 dagger
 m - a +1 short sword
 v - a +2 short sword of venom
Armour
 a - a +0 robe
 h - a +1 scale mail (worn)
 p - a +0 ring mail
Magical Staves
 o - a staff of air (weapon)
Jewellery
 d - a ring of magical power
 e - a +6 ring of intelligence (right hand)
 j - a ring of willpower (left hand)
 q - a +6 ring of strength
 x - an amulet of faith (around neck)
 z - a ring of flight
Wands
 A - a wand of flame (18)
Scrolls
 g - 2 scrolls of teleportation
 k - a scroll of fear {unknown}
 l - 3 scrolls of identify
 n - a scroll of amnesia {unknown}
 r - 3 scrolls of enchant weapon
 s - a scroll of magic mapping
 t - a scroll of brand weapon {unknown}
 u - a scroll of blinking {unknown}
 y - a scroll of enchant armour
Potions
 b - a potion of magic
 c - a potion of brilliance
 w - a potion of invisibility {unknown}


   Skills:
 + Level 0.1 Fighting
 + Level 1.5 Armour
 + Level 2.2 Dodging
 + Level 3.1 Stealth
 + Level 3.9 Spellcasting
 + Level 5.6 Ice Magic


You had 10 spell levels left.
You knew the following spells:

 Your Spells              Type           Power      Damage    Failure   Level
a - Freeze                Ice            100%       1d11      11%         1

Your spell library contained the following spells:

 Spells                   Type           Power      Damage    Failure   Level
 Frozen Ramparts          Ice            68%        1d8       30%         3
 Ozocubu's Armour         Ice            34%        N/A       30%         3
 Static Discharge         Conj/Air       7%         N/A       85%         2
 Hailstorm                Conj/Ice       19%        3d6       97%         4
 Lightning Bolt           Conj/Air       3%         1d15      100%        5
 Maxwell's Capacitive Co  Air            3%         ∞         100%        8


Dungeon Overview and Level Annotations

Branches:
Dungeon (6/15)
 Temple: D:4-7

Altars:
Elyvilon

Shops:
D:4 (


Innate Abilities, Weirdness & Mutations

Your natural rate of healing is accelerated.
You have razor-sharp teeth.
You have supernaturally acute eyesight. (SInv)
You are afflicted with vampirism and can become a bat while bloodless.


Message History

You feel a strange surge of divine interest.
x - an amulet of faith (around neck) Unknown command.
Press: ? - help, v - describe, . - travel The floor.
A phantom is nearby!
The phantom attacks as you move away! The phantom hits you.
* * * LOW HITPOINT WARNING * * *
Found a stone staircase leading down.
The phantom attacks as you move away! The phantom closely misses you.
The phantom attacks as you move away! The phantom hits you.
* * * LOW HITPOINT WARNING * * *
There is a stone staircase leading down here.
The phantom barely misses you.
You climb downwards.
There is a stone staircase leading up here.
The phantom attacks as you move away!
The phantom hits you but does no damage.
The phantom attacks as you move away!
The phantom hits you but does no damage.
The phantom attacks as you move away! The phantom hits you.
* * * LOW HITPOINT WARNING * * *
The phantom attacks as you move away! The phantom barely misses you.
The phantom attacks as you move away! The phantom hits you.
* * * LOW HITPOINT WARNING * * *
The phantom attacks as you move away! The phantom hits you.
* * * LOW HITPOINT WARNING * * *
The phantom attacks as you move away! The phantom barely misses you.
The phantom attacks as you move away! The phantom barely misses you.
The phantom attacks as you move away! The phantom barely misses you.
The phantom attacks as you move away! The phantom hits you.
* * * LOW HITPOINT WARNING * * *
The phantom attacks as you move away! The phantom barely misses you.
As you read the scroll of fog, it crumbles to dust.
The scroll dissolves into smoke.
The phantom hits you but does no damage.
The phantom attacks as you move away! The phantom hits you.
* * * LOW HITPOINT WARNING * * *
The phantom attacks as you move away! The phantom hits you.
You die...

.## #. ..# ###.
#.. ... #.# #.#
#.# #..##§### ##
#..§§§§####..#
#..§§§§§...#
##.###W@..## .
#..####..####.##
.. #.........#..#
...
#..#.........###
#.# #.
##..........###.#
##..............#
#...........<..##
#...............##
#.#.....##.......#


You could see a phantom.

Vanquished Creatures
  An orc priest (D:4)
  An iguana (D:4)
  Jessica (D:3)
  2 orc wizards
  5 adders
  A dart slug (D:2)
  10 orcs
  11 bats
  2 endoplasms (D:2)
  3 giant cockroaches
  6 goblins
  4 hobgoblins
  3 jackals (D:1)
  5 quokkas
  6 ball pythons
  3 frilled lizards
  4 kobolds
  A rat (D:1)
69 creatures vanquished.

Notes
Turn   | Place    | Note
-------+----------+-------------------------------------------
     0 | D:1      | Jeffvaz the Vampire Ice Elementalist began the quest for
                  | the Orb.
     0 | D:1      | Reached XP level 1. HP: 13/13 MP: 3/3
   336 | D:1      | Reached XP level 2. HP: 13/19 MP: 5/5
   706 | D:1      | You fall into a shaft and drop 1 floor!
   745 | D:2      | Gained mutation: You are afflicted with vampirism and can
                  | become a bat while bloodless. [Vampire growth]
   745 | D:2      | Reached XP level 3. HP: 17/24 MP: 6/6
  1083 | D:2      | Reached skill level 1 in Armour
  1594 | D:1      | Reached XP level 4. HP: 30/30 MP: 8/8
  2169 | D:3      | Reached skill level 5 in Ice Magic
  2175 | D:3      | Noticed Jessica
  2184 | D:3      | Killed Jessica
  2440 | D:3      | Reached XP level 5. HP: 27/35 MP: 5/9
  2766 | D:4      | Found Keroupi's Antique Weapon Shop.
  2807 | D:5      | Entered Level 5 of the Dungeon
  3265 | D:4      | Noticed a phantom
  3293 | D:5      | Noticed a phantom
  3338 | D:5      | Noticed an ogre
  3451 | D:6      | Slain by a phantom

Illustrated notes

Levels and vault maps discovered:
D:1:      dpeg_arrival_more_subterranean_lakeside_camping, layout_basic,
          hangedman_decor_growths
D:2:      layout_basic, basic_ecumenical_altar, st_stairs_8
D:3:      layout_rooms, mainiacjoe_overflow_alcove_4, uniq_jessica
D:4:      dreamdust_elfheim, layout_cave_pools, serial_shops,
          nicolae_shop_behind_doors
D:5:      layout_basic, old_standard_altar, mainiacjoe_overflow_swirl,
          minmay_temple_entry_mist, minmay_diced_spiral
D:6:      layout_layer_cave, chequers_mini_garden

Skill      XL: |  1  2  3  4 |
---------------+-------------+-----
Armour         | 1 |  1.5
Ice Magic      | 5 |  5.6
Spellcasting   | 3 |  3.9
Fighting       | |  0.1
Dodging        | |  2.2
Stealth        | |  3.1

Action                   |  1- 3 |  4- 6 || total
-------------------------+-------+-------++-------
Melee: Unarmed           |    11 |       ||    11
       Bite              |     2 |       ||     2
       Dagger            |     1 |       ||     1
       Short sword       |     1 |       ||     1
       Staff             |     2 |    28 ||    30
 Cast: Freeze            |    55 |    47 ||   102
  Use: Scroll            |     1 |     5 ||     6
       Potion            |       |     4 ||     4
Armor: Robe              |     3 |       ||     3
       Scale mail        |    36 |    40 ||    76
Dodge: Dodged            |    37 |    39 ||    76

Table legend: (Time is in decaauts)
 A = Elapsed time spent in this place.
 B = Non-inter-level travel time spent in this place.
 C = Inter-level travel time spent in this place.
 D = Time resting spent in this place.
 E = Time spent auto-exploring this place.
 F = Levels seen in this place.
 G = Mean time per level.
                   A        B        C        D        E       F      G
               +--------+--------+--------+--------+--------+-----+--------+
         Total |   3438 |    894 |   2544 |      0 |      0 |   6 |  573.0 |
       Dungeon |   3438 |    894 |   2544 |      0 |      0 |   6 |  573.0 |
               +--------+--------+--------+--------+--------+-----+--------+

Top non-repeatable levels by time:
     D:1: 1109 daAuts
     D:2: 830 daAuts
     D:3: 697 daAuts
     D:4: 558 daAuts
     D:5: 220 daAuts
     D:6: 21 daAuts
